 Dungeon Crawl Stone Soup version 0.30-a0-578-gdee14c521f (webtiles) character file.

Game seed: 13159985944769466108

22632 wormed the Covert (level 12, -12/65 HPs)
             Began as a Spriggan Hunter on Jan 1, 2023.
             Was a High Priest of Okawaru.
             Engulfed by a cloud of freezing vapour (27 damage)
             ... in an ice cave.
             The game lasted 00:25:45 (14368 turns).

wormed the Covert (Spriggan Hunter)                Turns: 14368, Time: 00:25:46

Health: -12/65     AC: 10    Str:  7    XL:     12   Next: 64%
Magic:  13/13      EV: 31    Int: 11    God:    Okawaru [*****.]
Gold:   552        SH:  5    Dex: 29    Spells: 11/11 levels left

rFire   . . .      SeeInvis +    p - +0 arbalest
rCold   . . .      Faith    .    (shield currently unavailable)
rNeg    . . .      Spirit   .    E - +3 troll leather armour {Snorg}
rPois   .          Reflect  +    C - +2 hat {Stlth+}
rElec   .          Harm     .    y - +0 cloak
rCorr   .          Rampage  .    (gloves unavailable)
Will    ++...                    (boots unavailable)
Stlth   +++++++                  z - amulet of reflection
HPRegen 1.10/turn                e - ring of flight
MPRegen 0.13/turn                a - +6 ring of dexterity

@: attractive, flying, very quick
A: very small, no large weapons, unfitting armour, see invisible, speed 3
a: Renounce Religion, Heroism, Finesse, Duel


You were in an ice cave.
You worshipped Okawaru.
Okawaru was extremely pleased with you.
You visited 2 branches of the dungeon, and saw 12 of its levels.
You also visited: Ice Cave.

You collected 644 gold pieces.
You spent 92 gold pieces at shops.

Inventory:

Hand Weapons
 p - a +0 arbalest (weapon)
Missiles
 D - 5 throwing nets
Armour
 y - a +0 cloak (worn)
 C - a +2 hat of stealth (worn)
 E - a +3 troll leather armour (worn) {Snorg}
 I - the +4 fire dragon scales of Sophism {rPois rF++ rC-}
   (Okawaru gifted it to you in an ice cave)

   rF:        It greatly protects you from fire.
   rC:        It makes you vulnerable to cold.
   rPois:     It protects you from poison.
Jewellery
 a - a +6 ring of dexterity (right hand)
 e - a ring of flight (left hand)
 n - a ring of fire
 z - an amulet of reflection (around neck)
Wands
 h - a wand of paralysis (10)
 F - a wand of light (6)
 G - a wand of flame (13)
 H - a wand of roots (11)
Scrolls
 b - a scroll of vulnerability {unknown}
 c - 2 scrolls of fog
 d - 4 scrolls of poison
 f - 7 scrolls of teleportation
 j - 2 scrolls of fear
 k - 3 scrolls of magic mapping
 m - a scroll of identify
 s - a scroll of silence {unknown}
 t - 3 scrolls of enchant weapon {unknown}
 u - 2 scrolls of noise {unknown}
 w - 2 scrolls of amnesia {unknown}
 x - a scroll of brand weapon {unknown}
 A - a scroll of enchant armour {unknown}
Potions
 i - 3 potions of degeneration
 l - 2 potions of brilliance
 o - 4 potions of cancellation
 r - a potion of haste
 v - 5 potions of lignification


   Skills:
 + Level 8.3 Fighting
 * Level 14.1 Ranged Weapons
 + Level 12.7 Dodging
 + Level 14.7 Stealth


You had 11 spell levels left.
You didn't know any spells.
Your spell library contained the following spells:

 Spells                   Type           Power      Damage    Failure   Level
 Apportation              Tloc           0%         N/A       47%         1
 Beastly Appendage        Tmut           0%         N/A       47%         1
 Necrotise                Necr           0%         1d4       47%         1
 Slow                     Hex            0%         N/A       47%         1
 Ensorcelled Hibernation  Hex/Ice        0%         N/A       63%         2
 Wereblood                Tmut           0%         N/A       63%         2
 Confusing Touch          Hex            0%         N/A       85%         3
 Ignite Poison            Fire/Tmut/Pois 0%         N/A       85%         3
 Kindle Blastsparks       Fire/Tloc/Air  0%         2d10      85%         3
 Ozocubu's Armour         Ice            0%         N/A       85%         3
 Spider Form              Tmut/Pois      0%         N/A       85%         3
 Vampiric Draining        Necr           0%         2d6       85%         3
 Anguish                  Hex/Necr       0%         N/A       99%         4
 Fulminant Prism          Conj/Hex       0%         3d5       99%         4
 Iskenderun's Mystic Bla  Conj/Tloc      0%         2d3       99%         4
 Passage of Golubria      Tloc           0%         N/A       99%         4
 Freezing Cloud           Conj/Ice/Air   0%         6-21      100%        5
 Lee's Rapid Deconstruct  Erth           0%         3d4*      100%        5
 Silence                  Hex/Air        0%         N/A       100%        5
 Ozocubu's Refrigeration  Ice            0%         4d7       100%        7
 Lehudib's Crystal Spear  Conj/Erth      0%         10d2      100%        8
 Summon Small Mammal      Summ           Unusable   N/A       N/A         1

Dungeon Overview and Level Annotations

Branches:
Dungeon (11/15)            Temple (1/1) D:4             Orc (0/2) D:9
  IceCv (1/1)
   Lair: D:8-11

Altars:
Ashenzari
Cheibriados
Dithmenos
Elyvilon
Fedhas
Gozag
Hepliaklqana
Kikubaaqudgha
Makhleb
Nemelex Xobeh
Okawaru
Qazlal
Ru
Sif Muna
Trog
Uskayaw
Vehumet
Wu Jian
Xom
Yredelemnul
Zin
The Shining One

Shops:
D:4 *   D:5 *   D:10 *


Innate Abilities, Weirdness & Mutations

You are very small and have problems with some larger weapons.
You are too small for most types of armour.
You have supernaturally acute eyesight. (SInv)
You cover ground extremely quickly. (Speed+++)


Message History

The yak is heavily wounded.
Fire: p) +0 arbalest
Press: ? - help, Q - select action, (/) - cycle Shift-Dir - straight line, f/p - yak
Aim: a yak (heavily wounded, 80% to hit)
You shoot a bolt. The bolt hits the yak.
The yak is heavily wounded.
The yak completely misses you.
Fire: p) +0 arbalest
Press: ? - help, Q - select action, (/) - cycle Shift-Dir - straight line, f/p - yak
Aim: a yak (heavily wounded, 80% to hit)
You shoot a bolt. The bolt hits the yak!
The yak is severely wounded.
The yak gores you!
Fire: p) +0 arbalest
Press: ? - help, Q - select action, (/) - cycle Shift-Dir - straight line, f/p - yak
Aim: a yak (severely wounded, 80% to hit)
You shoot a bolt. The bolt hits the yak.
The yak is almost dead.
The yak completely misses you.
Fire: p) +0 arbalest
Press: ? - help, Q - select action, (/) - cycle Shift-Dir - straight line, f/p - yak
Aim: a yak (almost dead, 80% to hit)
You shoot a bolt. The bolt hits the yak!!
You kill the yak!
Okawaru accepts your kill.
Fire: p) +0 arbalest
Press: ? - help, Q - select action, (/) - cycle Shift-Dir - straight line, f - you Really target yourself? [Y]es or [N]o only, please.
Really target yourself?
Okay, then.
You are engulfed in freezing vapours.
You're standing in a cloud of freezing vapour!
It was a potion of attraction.
You feel attractive to monsters.
You are engulfed in freezing vapours.
* * * LOW HITPOINT WARNING * * *
It was a potion of magic.
Magic courses through your body.
You are engulfed in freezing vapours.
You die...

### #.###.# #..#.##
##.##.## #..#..#
##§##.# ### #.○####
..## #.#§## ...###
##.##§## .#.#.##
#..#.#@#
.##...#####.###§##
.##.#.#.##.##.#§##
#÷#.#....#.#..§○.##
#.####.#...#.○§§☼.#
≈#.######.##☼§°§○.#
≈≈#....####.§§☼§§##
#≈≈####.###.§§.§.#
##≈##.##..##§.§§§#


There were no monsters in sight!

Vanquished Creatures
  A frost giant (IceCv)
  Snorg (D:10)
  Erolcha (D:10)
  Harold (D:10)
  6 death yaks (IceCv)
  Nergalle (D:10)
  Pikel (D:6)
  Maurice (D:8)
  An ice statue (IceCv)
  A troll (D:8)
  A hornet (D:9)
  5 polar bears (IceCv)
  Sigmund (D:6)
  Eustachio (D:5)
  2 shadows
  A water elemental (D:11)
  2 wraiths
  3 steam dragons
  32 yaks
  3 vampire mosquitoes
  Menkaure (D:5)
  3 wargs (D:11)
  Edmund (D:4)
  An acid dragon (D:10)
  A water moccasin (D:5)
  A sky beast (D:7)
  3 black bears
  A meliai simulacrum (D:11)
  8 orc warriors
  3 ice beasts
  2 ogres
  18 wolves
  3 centaurs
  A lemure (D:5)
  A phantom (D:5)
  A kobold brigand (D:9)
  A necrophage (D:8)
  4 scorpions
  19 wights
  10 killer bees
  An electric eel (D:11)
  3 howler monkeys
  2 hounds
  2 orc priests
  Crazy Yiuf (D:6)
  A jelly (D:5)
  A quasit (D:8)
  3 iguanas
  Ijyb (D:4)
  7 orc wizards
  2 gnolls (D:8)
  7 adders
  4 shadow imps
  4 white imps (D:8)
  4 ufetubi
  2 worms
  2 dart slugs
  39 orcs
  8 ball pythons
  6 endoplasms
  5 giant cockroaches
  7 goblins
  4 hobgoblins
  12 jackals
  5 quokkas
  2 bats
  2 frilled lizards
  8 kobolds
  8 rats
302 creatures vanquished.

Vanquished Creatures (others)
  A demonic plant (D:8)
  A fungus (D:6)
2 creatures vanquished.

Grand Total: 304 creatures vanquished

Notes
Turn   | Place    | Note
-------+----------+-------------------------------------------
     0 | D:1      | wormed the Spriggan Hunter began the quest for the Orb.
     0 | D:1      | Reached XP level 1. HP: 10/10 MP: 2/2
   336 | D:1      | Reached XP level 2. HP: 15/15 MP: 3/3
   964 | D:2      | Reached XP level 3. HP: 18/18 MP: 4/4
  1256 | D:2      | Reached XP level 4. HP: 23/23 MP: 5/5
  2008 | D:3      | Reached skill level 5 in Ranged Weapons
  2049 | D:4      | Noticed a black bear
  2049 | D:4      | Found Ivve's General Store.
  2051 | D:4      | Noticed Ijyb
  2227 | D:4      | Reached XP level 5. HP: 27/27 MP: 6/6
  2392 | D:4      | Killed a black bear
  2393 | D:4      | Reached XP level 6. HP: 32/32 MP: 7/7
  2478 | D:4      | Killed Ijyb
  2718 | D:4      | Found a staircase to the Ecumenical Temple.
  2725 | Temple   | Entered the Ecumenical Temple
  2731 | Temple   | Became a worshipper of Warmaster Okawaru
  3179 | D:5      | Entered Level 5 of the Dungeon
  3190 | D:5      | Noticed a water moccasin
  3512 | D:5      | Reached skill level 5 in Stealth
  3526 | D:5      | Noticed Edmund
  3551 | D:5      | Found Zin's Purification Station.
  3570 | D:5      | Reached skill level 5 in Dodging
  3656 | D:4      | Killed Edmund
  3656 | D:4      | Reached * piety under Okawaru
  3657 | D:4      | Reached XP level 7. HP: 21/36 MP: 8/8
  3937 | D:5      | Noticed Menkaure
  4197 | D:5      | Reached XP level 8. HP: 42/42 MP: 9/9
  4242 | D:5      | Found a glowing silver altar of Zin.
  4260 | D:5      | Killed Menkaure
  4415 | D:5      | Noticed Eustachio
  4953 | D:5      | Killed Eustachio
  4953 | D:5      | Reached ** piety under Okawaru
  5130 | D:6      | Noticed Sigmund
  5152 | D:6      | Noticed Pikel
  5167 | D:6      | You are sucked into a shaft and drop 1 floor!
  6043 | D:6      | Killed Pikel
  6043 | D:6      | Reached *** piety under Okawaru
  6044 | D:6      | Reached XP level 9. HP: 20/46 MP: 10/10
  6282 | D:6      | Killed Sigmund
  6310 | D:6      | Reached skill level 5 in Fighting
  6542 | D:6      | Found a runed translucent door.
  6543 | D:6      | Noticed Crazy Yiuf
  6842 | D:6      | Killed Crazy Yiuf
  7027 | D:6      | Reached **** piety under Okawaru
  7426 | D:6      | Received a gift from Okawaru
  7442 | D:6      | Reached skill level 10 in Ranged Weapons
  7625 | D:6      | Reached skill level 10 in Stealth
  7674 | D:7      | Reached XP level 10. HP: 51/51 MP: 11/11
  8348 | D:7      | Found a snail-covered altar of Cheibriados.
  8757 | D:8      | Noticed Maurice
  8779 | D:8      | Killed Maurice
  8779 | D:8      | Reached ***** piety under Okawaru
  8919 | D:8      | Found Ittual's Weapon Boutique.
  9206 | D:8      | Found a burning altar of Makhleb.
  9210 | D:8      | Found a shimmering blue altar of Sif Muna.
  9214 | D:8      | Found a sparkling altar of Nemelex Xobeh.
  9266 | D:8      | Noticed a boulder beetle
  9266 | D:8      | Noticed a catoblepas
  9266 | D:8      | Noticed a manticore
  9863 | D:8      | Noticed a cyclops
  9863 | D:8      | Noticed a manticore
  9998 | D:8      | Noticed a deep troll
 10034 | D:8      | Noticed a steelbarb worm
 10336 | D:9      | Received a gift from Okawaru
 10337 | D:9      | Reached skill level 10 in Dodging
 11042 | D:9      | Found a staircase to the Orcish Mines.
 11279 | D:9      | Reached XP level 11. HP: 58/58 MP: 12/12
 11735 | D:10     | Entered Level 10 of the Dungeon
 11890 | D:10     | Noticed Erolcha
 11920 | D:10     | Killed Erolcha
 12074 | D:10     | Noticed Nergalle
 12082 | D:10     | Killed Nergalle
 12254 | D:10     | Found Rixtopus's Assorted Antiques.
 12260 | D:10     | Bought a scroll labelled OSYPUY NISCHUAR for 32 gold pieces
 12260 | D:10     | Bought a scroll labelled ZOGGIG HELANK for 32 gold pieces
 12260 | D:10     | Bought a smoky emerald potion for 28 gold pieces
 12328 | D:10     | Received a gift from Okawaru
 12899 | D:10     | Noticed Snorg
 12922 | D:10     | Noticed Harold
 12935 | D:10     | Killed Snorg
 12970 | D:10     | Killed Harold
 13285 | D:11     | Found a frozen archway.
 13361 | IceCv    | Entered an ice cave
 13598 | IceCv    | Reached XP level 12. HP: 63/63 MP: 13/13
 13721 | IceCv    | Noticed a death yak
 13722 | IceCv    | Noticed a death yak
 13723 | IceCv    | Noticed a death yak
 13728 | IceCv    | Killed a death yak
 13750 | IceCv    | Killed a death yak
 13750 | IceCv    | Identified the +4 fire dragon scales of Sophism {rPois rF++
                  | rC-} (Okawaru gifted it to you in an ice cave)
 13750 | IceCv    | Received a gift from Okawaru
 13764 | IceCv    | Killed a death yak
 13839 | IceCv    | Noticed a death yak
 13851 | IceCv    | Killed a death yak
 14144 | IceCv    | Noticed a death yak
 14144 | IceCv    | Noticed a death yak
 14144 | IceCv    | Noticed a frost giant
 14144 | IceCv    | Noticed a death yak
 14144 | IceCv    | Noticed a death yak
 14191 | IceCv    | Killed a frost giant
 14264 | IceCv    | Killed a death yak
 14360 | IceCv    | Killed a death yak
 14368 | IceCv    | Engulfed by a cloud of freezing vapour

Illustrated notes

Levels and vault maps discovered:
D:1:      minmay_arrival_glassed_features, layout_loops_corners,
          serial_aquarium, aquarium_bridge_square [aquarium_subvault_wall,
          aquarium_subvault_bridge, aquarium_subvault_window,
          aquarium_subvault_bridge], aquarium_window_2, aquarium_window_fake,
          aquarium_view_2g, aquarium_view_2e, aquarium_pool_corner
D:2:      layout_basic, minmay_box_of_dots
D:3:      layout_rooms, patterned_corridor
D:4:      layout_loops_ring, minmay_temple_entry_grid, serial_shops,
          nicolae_stop_n_shop_2, uniq_ijyb
D:5:      layout_basic, zin_purify, uniq_menkaure, uniq_edmund, uniq_eustachio
D:6:      layout_rooms, uniq_sigmund, uniq_crazy_yiuf_cottage, uniq_pikel
D:7:      layout_loops_corners, chei_slow_surprise
D:8:      minmay_the_grid_triangle_9x9_recursive_2
          [minmay_the_grid_triangle_9x9_prize_top_heavy,
          minmay_the_grid_triangle_9x9_impossible_snake,
          minmay_the_grid_triangle_9x9_odd_lines,
          minmay_the_grid_triangle_9x9_empty], layout_loops_corners,
          grunt_temple_overflow_diamond, serial_shops,
          nicolae_shop_bloodbath_and_beyond, serial_demonic, serial_demonic_e,
          serial_demonic_a, serial_demonic_a, serial_demonic_a,
          serial_demonic_g, serial_demonic_f, serial_demonic_g,
          serial_demonic_e, uniq_maurice
D:9:      layout_stronghold, david_orc_4
D:10:     layout_gridville, serial_shops, nicolae_shop_trees, uniq_nergalle,
          uniq_harold, uniq_snorg, uniq_erolcha
D:11:     layout_cross, erik_lair_orcish_takeover, serial_ice, serial_ice_n,
          serial_ice_f, serial_ice_g, serial_ice_l,
          portal_ice_cave_entry_pillars_1, enter_trove_6
Temple:   sentei_temple_godly_chess
IceCv:    ice_cave_caverns_01

Skill      XL: |  1  2  3  4  5  6  7  8  9 10 11 12 |
---------------+-------------------------------------+-----
Stealth        | 2 3 4 5 6 8 10 11 13 14 | 14.7
Dodging        | 3 4 5 6 7 8 10 11 12 | 12.7
Fighting       | 2 3 4 5 6 7 8 |  8.3
Ranged Weapons | 5 6 7 8 10 11 13 14 | 14.1

Action                   |  1- 3 |  4- 6 |  7- 9 | 10-12 || total
-------------------------+-------+-------+-------+-------++-------
 Fire: Shortbow          |   101 |   248 |   384 |   341 ||  1074
       Arbalest          |       |       |       |   442 ||   442
Evoke: Wand              |       |       |     6 |       ||     6
  Use: Scroll            |     2 |     7 |     7 |     6 ||    22
       Potion            |       |       |     6 |     8 ||    14
Armor: Robe              |     3 |     5 |     6 |       ||    14
       Steam dragon scal |       |       |       |    17 ||    17
       Troll leather arm |       |       |       |    32 ||    32
Dodge: Dodged            |    45 |   108 |   228 |   483 ||   864
Block: Other             |       |       |       |    56 ||    56

Table legend: (Time is in decaauts)
 A = Elapsed time spent in this place.
 B = Non-inter-level travel time spent in this place.
 C = Inter-level travel time spent in this place.
 D = Time resting spent in this place.
 E = Time spent auto-exploring this place.
 F = Levels seen in this place.
 G = Mean time per level.
                   A        B        C        D        E       F      G
               +--------+--------+--------+--------+--------+-----+--------+
         Total |  10842 |  10407 |    435 |    175 |   6983 |  13 |  834.0 |
       Dungeon |  10006 |   9571 |    435 |    164 |   6608 |  11 |  909.6 |
        Temple |     13 |     13 |      0 |      0 |      0 |   1 |   13.0 |
      Ice Cave |    822 |    822 |      0 |     11 |    374 |   1 |  822.0 |
               +--------+--------+--------+--------+--------+-----+--------+

Top non-repeatable levels by time:
     D:6: 1563 daAuts
     D:8: 1173 daAuts
     D:5: 1171 daAuts
    D:10: 1127 daAuts
     D:9: 1121 daAuts
     D:4: 1067 daAuts
     D:7: 1044 daAuts
   IceCv: 822 daAuts
     D:1: 680 daAuts
     D:2: 462 daAuts
     D:3: 457 daAuts
    D:11: 136 daAuts
  Temple: 13 daAuts
